 Dungeon Crawl Stone Soup version 0.31.0-11-ge490571c62 (webtiles) character file.

Game seed: 5218208630298445592

4426 Sobieck the Grappler (level 10, -2/79 HPs)
             Began as a Demonspawn Wanderer on Jan 29, 2024.
             Was a Priest of Trog.
             Slain by a killer bee (8 damage)
             ... on level 8 of the Dungeon.
             The game lasted 00:17:02 (7758 turns).

Sobieck the Grappler (Demonspawn Wanderer)          Turns: 7758, Time: 00:17:03

Health: -2/79      AC:  8    Str: 16    XL:     10   Next: 14%
Magic:  11/11      EV: 10    Int: 17    God:    Trog [***...]
Gold:   313        SH:  0    Dex:  9    Spells: 11/11 levels left

rFire   . .          .
                       - Unarmed
rCold   . . .        (no shield)
rNeg    . . .        o - +0 ring mail
rPois   .            p - +0 helmet
rElec   .            x - +0 cloak
rCorr   .            (no gloves)
SInv    +            (no boots)
Will    .....        (no amulet) Stlth
                     h - ring of flight
HPRegen 0.33/turn    s - ring of see invisible
MPRegen 0.12/turn

%: no passive effects
@: lethally poisoned (-2 -> -5), flying
A: claws 1, hooves 2, demonic guardian 2, ignite blood 1, weakness stinger 1
a: Renounce Religion, Berserk, Trog's Hand


You were on level 8 of the Dungeon.
You worshipped Trog.
Trog was most pleased with you.
You visited 1 branch of the dungeon, and saw 8 of its levels.

You collected 313 gold pieces.

Inventory:

Hand Weapons
 a - a +3 quarterstaff of chaos
 u - a +0 club
 v - a +0 hammer
Missiles
 j - 16 stones (quivered)
 k - 26 poisoned darts
 G - 4 datura-tipped darts
Armour
 c - a +0 robe
 l - a +0 leather armour
 o - a +0 ring mail (worn)
 p - a +0 helmet (worn)
 q - a +0 plate armour
 x - a +0 cloak (worn)
Magical Staves
 f - a staff of cold
Jewellery
 h - a ring of flight (left claw)
 m - a ring of fire
 n - a ring of positive energy
 s - a ring of see invisible (right claw)
 K - the ring of Sin {Will- AC+4 Dex+4}
   (You found it on level 6 of the Dungeon)

   [ring of protection]

   AC+4:      It affects your AC (+4).
   Dex+4:     It affects your dexterity (+4).
   Will-:     It decreases your willpower.
Wands
 b - a wand of mindburst (10)
 C - a wand of polymorph (3)
Scrolls
 d - a scroll of fog
 e - 2 scrolls of revelation
 w - a scroll of brand weapon {unknown}
 y - 2 scrolls of immolation
 D - a scroll of fear
 T - 2 scrolls of teleportation
Potions
 g - a potion of invisibility {unknown}
 i - 3 potions of might {unknown}
 r - a potion of brilliance {unknown}
 t - a potion of enlightenment {unknown}
 z - a potion of attraction {unknown}
 E - a potion of ambrosia {unknown}
 F - a potion of lignification {unknown}
 J - a potion of resistance {unknown}
 L - a potion of berserk rage {unknown}
 Q - 2 potions of curing


   Skills:
 - Level 7.0 Fighting
 - Level 3.5 Maces & Flails
 + Level 4.8 Throwing
 + Level 4.6 Armour
 - Level 9.0 Unarmed Combat
 - Level 1.0 Spellcasting
 - Level 3.6 Translocations
 - Level 2.5 Fire Magic


You had 11 spell levels left.
You didn't know any spells.
Your spell library contained the following spells:

 Spells                   Type           Power      Damage    Failure   Level
 Apportation              Tloc           26%        N/A       9%          1
 Lesser Beckoning         Tloc           26%        N/A       13%         2
 Foxfire                  Conj/Fire      20%        2x1d5     22%         1
 Gell's Gravitas          Tloc           13%        N/A       26%         3
 Inner Flame              Hex/Fire       5%         N/A       56%         3


Dungeon Overview and Level Annotations

Branches:
Dungeon (8/15)             Temple (0/1) D:5
   Lair: D:8-11

Altars:
Ashenzari
Dithmenos
Hepliaklqana
Trog
Uskayaw
Yredelemnul

Portals:
Abyss: D:7

Annotations:
D:7 2 transporters, yentook's ghost, novice MiBe


Innate Abilities, Weirdness & Mutations

You have sharp fingernails.
You have hoof-like feet.
A demonic guardian rushes to your aid.
Your demonic aura sometimes causes spilled blood to erupt in flames.
You have a small tail.


Message History

The killer bee is moderately wounded.
You feel sick. The killer bee closely misses you.
The killer bee stings you but does no damage.
You barely miss the killer bee. Your kick misses the killer bee.
Your tail-slap misses the killer bee.
The killer bee is moderately wounded.
You feel sick.
The killer bee stings you but does no damage.
The killer bee stings you!
* * * LOW HITPOINT WARNING * * *
You barely miss the killer bee.
Your tail-slap misses the killer bee.
You claw the killer bee.
The killer bee is severely wounded.
You feel sick.
You are no longer poisoned.
The killer bee stings you but does no damage.
Unknown command.
Unknown command.
The killer bee attacks as it pursues you!
The killer bee stings you.
* * * LOW HITPOINT WARNING * * *
You are poisoned.
The killer bee poisons you!
The killer bee stings you but does no damage.
You feel sick. The killer bee stings you.
* * * LOW HITPOINT WARNING * * *
You feel sick.
The killer bee attacks as it pursues you!
The killer bee stings you.
* * * LOW HITPOINT WARNING * * *
The killer bee stings you but does no damage.
Unknown command.
You claw the killer bee!
You kill the killer bee!
Trog accepts your kill.
You feel sick. The killer bee misses you.
Unknown command.
You feel sick. The killer bee stings you.
* * * LOW HITPOINT WARNING * * *
A demonic guardian appears!
You are more poisoned.
The killer bee poisons you!
You feel sick. The killer bee barely misses you.
You feel sick. The killer bee barely misses you.
Your rust devil hits the killer bee!
Your rust devil corrodes the killer bee!
There is a stone staircase leading down here.
Unknown command.
You feel sick. The killer bee stings you!
You die...

##......# ..# ##.......#
#.# .........# #.#
##.......# #.# ##......#
#.#### ####...#.####....#
.................###
#####........<.....####.#
#####.#.####.#.@y4.....#
#.[..........####y######
...#.....###### #.# #
#.......# #y#
#......#########†#
#.#..............#########
...##......#........yy.†!.#
.###
#.####...#.##.#######.# #.
#####.##.# .#


You could see 2 killer bees and a friendly rust devil (summoned).

Vanquished Creatures
  Erica (D:7)
  Pikel (D:7)
  A wyvern (D:7)
  3 yaks (D:7)
  2 steam dragons
  A water moccasin (D:6)
  An orc warrior (D:6)
  2 sky beasts
  A black bear (D:6)
  An ice beast (D:7)
  3 centaurs
  2 lemures (D:7)
  A kobold brigand (D:7)
  4 phantoms
  3 bullfrogs (D:7)
  3 scorpions
  2 killer bees (D:8)
  2 howler monkeys
  A bombardier beetle (D:3)
  6 hounds
  2 jellies
  An orc priest (D:5)
  A sleepcap (D:5)
  Crazy Yiuf (D:3)
  Terence (D:2)
  Jessica (D:3)
  8 orc wizards
  5 iguanas
  Robin (D:1)
  4 adders
  A shadow imp (D:7)
  A white imp (D:7)
  2 dart slugs
  2 ribbon worms
  6 orcs
  2 bats (D:2)
  6 endoplasms
  2 giant cockroaches (D:1)
  9 goblins
  11 hobgoblins
  8 jackals
  6 quokkas
  4 ball pythons
  4 frilled lizards
  11 kobolds
  8 rats
149 creatures vanquished.

Vanquished Creatures (collateral kills)
  An orc (D:5)
1 creature vanquished.

Vanquished Creatures (others)
  4 foxfires (D:1)
4 creatures vanquished.

Grand Total: 154 creatures vanquished

Notes
Turn   | Place    | Note
-------+----------+-------------------------------------------
     0 | D:1      | Sobieck the Demonspawn Wanderer began the quest for the
                  | Orb.
     0 | D:1      | Sobieck set off with the following items: a +0 club, a
                  | scroll of blinking, a +0 robe, a scroll of fog; and the
                  | following spells available to memorise: Apportation, Lesser
                  | Beckoning, Foxfire, Gell's Gravitas, Inner Flame.
     0 | D:1      | Reached XP level 1. HP: 15/15 MP: 2/2
     2 | D:1      | Learned a level 1 spell: Foxfire
   114 | D:1      | Found a faded altar of an unknown god.
   123 | D:1      | Discovered your monstrous ancestry.
   123 | D:1      | Gained mutation: You have large cloven feet. [demonic
                  | ancestry]
   123 | D:1      | Reached XP level 2. HP: 21/21 MP: 0/3
   132 | D:1      | Prayed at the altar of an unknown god.
   132 | D:1      | Became a worshipper of Trog the Wrathful
   132 | D:1      | Reached * piety under Trog
   768 | D:2      | Gained mutation: Your demonic aura sometimes causes spilled
                  | blood to erupt in flames. [demonic ancestry]
   768 | D:2      | Reached XP level 3. HP: 26/27 MP: 4/4
   958 | D:2      | Reached skill level 3 in Fighting
   969 | D:2      | Reached ** piety under Trog
   983 | D:2      | Noticed Robin
  1171 | D:1      | Killed Robin
  1172 | D:1      | Reached skill level 1 in Maces & Flails
  1172 | D:1      | Gained mutation: A weak demonic guardian rushes to your
                  | aid. [demonic ancestry]
  1172 | D:1      | Reached XP level 4. HP: 26/35 MP: 5/5
  1369 | D:2      | Noticed Terence
  1381 | D:2      | Killed Terence
  1430 | D:2      | Found a hide-covered altar of Uskayaw.
  1718 | D:3      | Gained mutation: You have a small tail. [demonic ancestry]
  1718 | D:3      | Reached XP level 5. HP: 41/41 MP: 6/6
  1995 | D:3      | Noticed Jessica
  2000 | D:3      | Killed Jessica
  2149 | D:3      | Found a runed translucent door.
  2150 | D:3      | Noticed Crazy Yiuf
  2235 | D:3      | Killed Crazy Yiuf
  2236 | D:3      | Reached skill level 3 in Maces & Flails
  2505 | D:3      | Noticed a phantom
  2514 | D:3      | Killed a phantom
  2515 | D:3      | Gained mutation: You have sharp fingernails. [demonic
                  | ancestry]
  2515 | D:3      | Reached XP level 6. HP: 46/48 MP: 7/7
  2662 | D:4      | Reached skill level 1 in Unarmed Combat
  2818 | D:4      | Found a basalt altar of Yredelemnul.
  2818 | D:4      | Found a faded altar of an unknown god.
  2826 | D:4      | Found a faded altar of an unknown god.
  2828 | D:4      | Found a hazy altar of Hepliaklqana.
  2830 | D:4      | Found a hide-covered altar of Uskayaw.
  3220 | D:5      | Entered Level 5 of the Dungeon
  3229 | D:4      | Reached skill level 2 in Unarmed Combat
  3245 | D:4      | Reached XP level 7. HP: 36/55 MP: 8/8
  3367 | D:4      | Reached skill level 3 in Unarmed Combat
  3404 | D:5      | Found a shadowy altar of Dithmenos.
  3566 | D:5      | Reached skill level 4 in Unarmed Combat
  3694 | D:5      | Reached skill level 5 in Unarmed Combat
  3697 | D:5      | Reached *** piety under Trog
  3879 | D:5      | Reached XP level 8. HP: 30/62 MP: 9/9
  4017 | D:5      | Found a broken altar of Ashenzari.
  4027 | D:5      | Reached skill level 6 in Unarmed Combat
  4180 | D:5      | Found a staircase to the Ecumenical Temple.
  5210 | D:6      | Identified the ring of Sin {Will- AC+4 Dex+4}
  5272 | D:6      | Reached skill level 7 in Unarmed Combat
  5702 | D:7      | Found a one-way gate to the infinite horrors of the Abyss.
  5702 | D:7      | Noticed yentook's ghost (novice MiBe)
  5703 | D:7      | Noticed a toenail golem
  5714 | D:7      | Found a transporter.
  5921 | D:7      | Gained mutation: You have hoof-like feet. [demonic
                  | ancestry]
  5921 | D:7      | Reached XP level 9. HP: 59/69 MP: 10/10
  6173 | D:7      | Found a transporter.
  6181 | D:7      | Noticed an ancient zyme
  6246 | D:7      | Reached skill level 6 in Fighting
  6250 | D:7      | Reached skill level 3 in Throwing
  6250 | D:7      | Reached skill level 3 in Armour
  6918 | D:7      | Reached skill level 8 in Unarmed Combat
  7085 | D:8      | Noticed Pikel
  7133 | D:7      | Killed Pikel
  7554 | D:8      | Noticed Erica
  7582 | D:7      | Killed Erica
  7583 | D:7      | Gained mutation: A demonic guardian rushes to your aid.
                  | [demonic ancestry]
  7583 | D:7      | Reached XP level 10. HP: 60/79 MP: 11/11
  7652 | D:8      | Reached skill level 9 in Unarmed Combat
  7758 | D:8      | Slain by a killer bee

Illustrated notes

Levels and vault maps discovered:
D:1:      psy_arrival_statuary, layout_basic,
          hellmonk_ecumenical_altar_pennies_from_heaven
D:2:      layout_rooms, basic_altar, hangedman_decor_riveting, uniq_terence,
          uniq_robin
D:3:      layout_basic, amcnicky_altar_lugonu_corruption,
          uniq_crazy_yiuf_cottage, uniq_jessica
D:4:      layout_cave_pools, chequers_temple_overflow_minitemple
D:5:      lemuel_ice_spiral_2, layout_rooms, grunt_dithmenos_shadows,
          mainiacjoe_overflow_alcove_4, minmay_temple_entry_enclosed_plants
D:6:      layout_loops_ring
D:7:      layout_basic, mainiacjoe_overflow_boulevard,
          gammafunk_ghost_abyssal_escape
D:8:      layout_loops_ring, uniq_pikel, uniq_erica

Skill      XL: |  1  2  3  4  5  6  7  8  9 10 |
---------------+-------------------------------+-----
Fire Magic     | 2 |  2.5
Fighting       | 2 3 4 5 7 |  7.0
Maces & Flails | 1 2 3 |  3.5
Unarmed Combat | 2 5 7 8 9 |  9.0
Throwing       | 2 4 |  4.8
Armour         | 2 4 |  4.6
Spellcasting   | |  1.0
Translocations | |  3.6

Action                     |  1- 3 |  4- 6 |  7- 9 | 10-12 || total
---------------------------+-------+-------+-------+-------++-------
  Melee: Club              |   149 |   108 |       |       ||   257
         Kick              |    27 |    42 |    70 |     2 ||   141
         Punch             |       |     2 |    11 |     2 ||    15
         Quarterstaff      |       |    43 |    28 |       ||    71
         Tailslap          |       |     8 |    25 |     1 ||    34
         Unarmed           |       |       |   230 |    23 ||   253
  Throw: Stone             |       |     2 |    16 |       ||    18
   Cast: Foxfire           |     3 |       |       |       ||     3
 Invoke: Berserk           |     2 |     4 |     3 |       ||     9
  Evoke: Wand              |       |       |     7 |       ||     7
    Use: Scroll            |       |     3 |     8 |       ||    11
         Potion            |       |       |     2 |     1 ||     3
 Armour: Robe              |    37 |       |       |       ||    37
         Leather armour    |    71 |       |       |       ||    71
         Ring mail         |       |   108 |   198 |    30 ||   336
  Dodge: Dodged            |   122 |   102 |    99 |    26 ||   349
